Map: Darkness Sanctuary LE

Players

Scarlett - Winner!

  • Race: Zerg Zerg
  • Spawn Location: 11:00

harstem

  • Race: Protoss Protoss
  • Spawn Location: 5:00

Event: WCS Austin 2018

VOD

Have the link to the VOD?

Description

Time

  • Played on: June 1, 2018, 9:47 p.m.
  • Length: 8:48

All games in this series

Show
View Real Time Build Order
Export as new Build Order

Scarlett Zerg - Winner!

Build Orders: Pool First 

Get SALT Encoding   

  12  0:00  Drone  
  13  0:11  Extractor  
  12  0:24  Spawning Pool  
  11  0:28  Drone  
  11  0:33  Drone  
  13  0:38  Drone  
  14  0:49  Overlord  
  14  1:10  Zergling x2  
  14  1:11  Zergling x2  
  16  1:12  Zergling x2  
  16  1:13  Metabolic Boost  
  17  1:22  Zergling x2  
  18  1:33  Zergling x2  
  19  1:43  Hatchery  
  18  1:47  Zergling x2  
  19  1:58  Queen  
  21  2:07  Zergling x2  
  22  2:12  Overlord  
  22  2:37  Drone  
  22  2:38  Drone x2, Queen  
  26  2:51  Drone  
  26  2:56  Drone  
  26  2:57  Queen  
  30  2:59  Drone  
  31  3:08  Drone  
  31  3:10  Drone x2  
  33  3:22  Overlord, Drone x2  
  32  3:30  Drone x2  
  32  3:34  Overlord  
  32  3:39  Drone x2  
  32  3:40  Zergling x2  
  32  3:41  Zergling x2  
  36  3:47  Zergling x2  
  37  3:51  Zergling x2  
  38  3:58  Zergling x2  
  38  4:01  Hatchery  
  38  4:05  Drone  
  38  4:06  Drone x2  
  41  4:11  Zergling x2  
  41  4:21  Drone x5  
  45  4:29  Drone  
  45  4:30  Queen  
  48  4:34  Overlord  
  48  4:37  Drone x2  
  50  4:40  Overlord  
  50  4:43  Drone  
  51  4:56  Drone x3  
  53  5:00  Drone x3  
  56  5:07  Lair  
  56  5:09  Drone x4  
  60  5:17  Drone x2  
  60  5:21  Overlord  
  62  5:24  Extractor  
  62  5:26  Evolution Chamber, Extractor  
  59  5:29  Drone x3  
  59  5:30  Drone x2  
  59  5:35  Drone x2  
  66  5:37  Overlord  
  66  5:39  Drone x3  
  69  5:45  Roach Warren, Extractor x2  
  69  5:48  Drone x4  
  70  5:50  Drone  
  70  5:51  Extractor  
  70  5:52  Zerg Missile Weapons Level 1  
  70  5:53  Drone  
  70  5:55  Overlord  
  70  5:56  Drone  
  74  5:57  Drone x2  
  74  6:02  Overlord  
  74  6:05  Hydralisk Den, Overseer  
  74  6:07  Drone x4  
  74  6:10  Drone  
  78  6:20  Overlord x3  
  78  6:23  Hatchery  
  77  6:26  Roach x2  
  77  6:27  Roach, Glial Reconstitution  
  77  6:30  Roach x2  
  87  6:34  Roach  
  87  6:35  Roach x2  
  87  6:38  Muscular Augments  
  93  6:41  Hydralisk x2  
  99  6:47  Roach x3  
  99  6:49  Roach  
  99  6:54  Hydralisk x3  
  105  7:00  Hydralisk x2  
  115  7:02  Overlord  
  115  7:05  Overlord  
  115  7:06  Overlord  
  115  7:11  Roach  
  115  7:12  Roach x2  
  121  7:17  Overlord  
  121  7:18  Overlord  
  121  7:23  Roach x5  
  121  7:27  Ravager x2  
  121  7:28  Ravager  
  134  7:30  Zergling x2  
  134  7:31  Zergling x10  
  138  7:45  Roach x6  
  138  7:46  Roach  
  138  7:49  Roach x2  
  156  7:55  Roach x4  
  156  7:57  Overseer  
  160  8:09  Roach  
  160  8:10  Roach x6  
  163  8:24  Overlord x7  
Show
View Real Time Build Order
Export as new Build Order

harstem Protoss 

Build Orders: Nexus First 

Get SALT Encoding   

  12  0:00  Probe  
  13  0:12  Probe  
  14  0:18  Pylon  
  14  0:25  Probe  
  15  0:33  Probe  
  15  0:41  Probe  
  17  0:58  Nexus  
  17  1:06  Probe  
  17  1:07  Gateway  
  18  1:14  Probe  
  18  1:20  Assimilator  
  18  1:23  Assimilator  
  18  1:24  Probe  
  20  1:36  Probe  
  21  1:47  Gateway  
  21  1:48  Probe  
  22  1:57  Cybernetics Core  
  22  2:01  Zealot, Probe  
  25  2:22  Pylon  
  25  2:26  Adept  
  25  2:37  Adept  
  20  3:10  Probe  
  21  3:14  Probe  
  21  3:15  Pylon  
  21  3:24  Probe x2  
  21  3:34  Probe  
  21  3:42  Probe  
  21  3:43  Probe  
  23  3:54  Probe  
  23  3:55  Probe  
  25  4:02  Warp Gate  
  25  4:03  Probe  
  25  4:06  Probe  
  27  4:11  Probe  
  27  4:17  Probe  
  28  4:21  Probe  
  28  4:25  Probe  
  28  4:27  Adept  
  29  4:32  Pylon  
  29  4:33  Probe x2  
  31  4:45  Probe x2  
  33  4:57  Probe x2  
  35  5:00  Pylon  
  35  5:04  Stalker  
  35  5:05  Probe  
  37  5:07  Probe  
  37  5:13  Probe  
  39  5:15  Probe  
  41  5:23  Probe, Pylon  
  41  5:24  Assimilator, Probe  
  43  5:29  Assimilator  
  44  5:35  Probe  
  44  5:36  Probe  
  45  5:44  Stargate  
  45  5:46  Stargate  
  45  5:47  Probe  
  45  5:48  Probe  
  47  5:57  Pylon  
  47  5:59  Probe  
  47  6:00  Probe  
  49  6:12  Probe x2  
  51  6:21  Phoenix  
  51  6:22  Zealot, Phoenix  
  51  6:23  Zealot  
  51  6:24  Probe x2  
  57  6:30  Nexus  
  61  6:36  Pylon, Probe x2  
  63  6:43  Phoenix, Pylon  
  63  6:46  Phoenix  
  65  6:50  Probe  
  65  6:53  Probe  
  69  7:01  Pylon  
  69  7:04  Probe  
  69  7:06  Probe  
  71  7:08  Phoenix  
  71  7:11  Phoenix  
  71  7:14  Adept x2  
  79  7:16  Probe  
  79  7:18  Probe  
  81  7:25  Stargate  
  81  7:28  Probe  
  81  7:29  Phoenix  
  82  7:30  Probe  
  82  7:34  Phoenix  
  82  7:36  Sentry  
  87  7:41  Probe  
  87  7:42  Probe  
  89  7:46  Void Ray  
  89  7:48  Probe  
  89  7:50  Shield Battery  
  88  7:53  Pylon, Probe  
  88  7:58  Shield Battery  
  93  8:02  Probe  
  93  8:05  Phoenix  
  92  8:09  Phoenix, Zealot x2  
  92  8:12  Shield Battery  
  95  8:13  Pylon  
  91  8:24  Probe  
  86  8:31  Pylon x2  
Tags
 
Add a new tag
Caveats
  • Supply blocks, unpowered buildings, or Contaminate may cause inaccurate times.
  • Supply counts are checked every 10 seconds.